Avalanche vs Stars
Created - January 30, 2019 at 19:01
Goals
|
| Avalanche |
0 |
2 |
2 |
4 |
| Stars |
0 |
1 |
0 |
1 |
|
Shots
|
| Avalanche |
13 |
6 |
11 |
30 |
| Stars |
11 |
9 |
7 |
27 |
|
1st period
No Goal
Penalties :
Michael Grabner (Dal) for Hooking (Minor) at 8:49, Boris Valabik (Dal) for Holding (Minor) at 11:37
2nd period
1. Avalanche , Pernell Karl Subban 1 (Andrei Kostitsyn 23, Paul Stastny 30) at 18:06 (PP)
2. Avalanche , Paul Stastny 13 (Andrei Kostitsyn 24, Alexander Radulov 19) at 19:03
3. Stars , Michael Grabner 11 (Drew Fata 24, John Tavares 25) at 19:42 (PP)
Penalties :
Antoine Vermette (Dal) for Tripping (Minor) at 1:06, Drew Fata (Dal) for Roughing (Minor) at 5:00, Mikkel Boedker (Col) for Elbowing (Minor) at 6:04, Guillaume Latendresse (Dal) for Interference (Minor) at 11:15, Niklas Hjalmarsson (Dal) for High sticking (Minor) at 16:58, Patric Hornqvist (Col) for Interference (Minor) at 19:34
3rd period
4. Avalanche , Jack Johnson 7 (Dan Boyle 8, Mikkel Boedker 30) at 8:19 (PP)
5. Avalanche , Bryan Little 22 (Mikkel Boedker 31, Patric Hornqvist 28) at 10:22
Penalties :
Brian Lee (Dal) for Hooking (Minor) at 5:40, Boris Valabik (Dal) for Roughing (Minor) at 8:13, Evgeny Grachev (Dal) for Cross-checking (Minor) at 19:22
Goalie Stats
Semyon Varlamov (Col), 26 saves from 27 shots - (0.963), W, 15-16-1, 60:00 minutes
Mike Brodeur (Dal), 26 saves from 30 shots - (0.867), L, 10-12-1, 60:00 minutes
Players Stats for Avalanche
Player Name G A P +/- PIM S H SB GA TA FO MP PP MP PK MP
------------------------------------------------------------------------------------
Alexander Radulov 0 1 1 1 0 4 1 1 2 0 0/1 17:58 5:54 0:00
Andrei Kostitsyn 0 2 2 1 0 0 5 1 0 0 0/0 17:59 5:54 0:14
Andrew Ladd 0 0 0 0 0 0 0 0 0 1 0/1 10:56 0:49 0:33
Bryan Little 1 0 1 1 0 3 0 0 0 0 11/30 22:14 6:13 0:00
Chuck Kobasew 0 0 0 0 0 3 1 0 0 0 0/0 10:49 0:47 0:58
Damien Brunner 0 0 0 0 0 0 0 1 0 0 0/0 8:45 0:00 0:25
Dan Boyle 0 1 1 0 0 2 1 1 0 0 0/0 21:15 7:26 0:00
Jack Johnson 1 0 1 2 0 3 0 1 0 0 0/0 25:37 7:26 0:38
Johnny Boychuk 0 0 0 0 0 0 0 0 1 0 0/0 14:38 0:00 0:30
Kyle Turris 0 0 0 0 0 1 1 1 0 0 3/3 8:33 0:16 0:00
Marc Staal 0 0 0 0 0 1 1 2 0 1 0/0 20:30 5:24 0:42
Mattias Ekholm 0 0 0 0 0 0 0 0 0 0 0/0 13:08 0:00 0:00
Maxim Talbot 0 0 0 0 0 1 0 0 1 0 1/3 9:25 0:00 0:14
Mikkel Boedker 0 2 2 1 2 2 1 1 0 1 0/1 22:16 6:12 0:00
Patric Hornqvist 0 1 1 1 2 0 1 1 1 0 0/3 22:37 6:03 0:00
Paul Stastny 1 1 2 1 0 6 0 1 0 1 8/18 17:35 5:54 0:00
Pernell Karl Subban 1 0 1 2 0 2 0 1 0 2 0/0 24:52 5:24 0:34
Zach Boychuk 0 0 0 0 0 2 1 0 0 0 0/0 8:44 0:27 0:00
Players Stats for Stars
Player Name G A P +/- PIM S H SB GA TA FO MP PP MP PK MP
------------------------------------------------------------------------------------
Alex Chiasson 0 0 0 0 0 2 1 1 1 0 0/1 9:36 0:00 0:00
Antoine Vermette 0 0 0 -1 2 0 0 0 1 0 7/12 15:38 0:17 0:59
B.J. Crombeen 0 0 0 -1 0 2 2 0 0 1 0/1 13:03 0:17 0:00
Boris Valabik 0 0 0 0 4 1 1 1 0 1 0/0 12:37 0:00 0:34
Brian Lee 0 0 0 -1 2 1 1 2 1 0 0/0 21:16 1:04 3:54
Cory Emmerton 0 0 0 0 0 2 1 1 0 0 1/2 11:52 0:00 2:41
Drew Fata 0 1 1 -1 2 0 0 2 1 0 0/0 25:52 0:55 7:12
Dustin Penner 0 0 0 0 0 1 0 0 0 0 0/0 10:48 0:00 2:38
Evgeny Artyukhin 0 0 0 0 0 0 2 0 0 0 0/1 7:45 0:00 0:00
Evgeny Grachev 0 0 0 0 2 2 1 0 0 0 1/2 8:18 0:00 0:34
Guillaume Latendresse 0 0 0 -1 2 2 1 1 0 1 0/1 21:49 0:08 5:51
Ian White 0 0 0 -1 0 2 1 0 0 1 0/0 27:05 0:08 8:16
John Tavares 0 1 1 -1 0 2 1 3 1 0 25/34 23:08 0:55 6:48
Johnny Oduya 0 0 0 -1 0 1 1 1 0 1 0/0 21:29 1:04 4:24
Jussi Jokinen 0 0 0 -1 0 6 3 0 1 0 0/2 16:26 0:17 3:16
Michael Grabner 1 0 1 -1 2 3 3 3 0 0 2/3 16:58 0:08 2:53
Niklas Hjalmarsson 0 0 0 0 2 0 1 0 0 0 0/0 12:35 0:00 1:20
Patrick Sharp 0 0 0 0 0 0 1 0 0 0 1/1 9:51 0:47 0:00
3 Stars
1 - Andrei Kostitsyn (Col)
2 - Paul Stastny (Col)
3 - Semyon Varlamov (Col)
Power Play
Avalanche - 2 on 9 Attempt(s) - 22.22%
Stars - 1 on 2 Attempt(s) - 50.00%
Penalty Kill
Avalanche - 1 on 2 Attempt(s) - 50.00%
- Score 0 goal in Penalty Kill
Stars - 7 on 9 Attempt(s) - 77.78%
- Score 0 goal in Penalty Kill
Team Stat
Avalanche - Hits : 13 - Faceoff Wins : 23 - Blocked Shots : 12 - Penalty Minutes : 4
Stars - Hits : 21 - Faceoff Wins : 37 - Blocked Shots : 15 - Penalty Minutes : 18
Official
Referees : Unknown
Linesman : Unknown
Game Notes
No Game Note
Finance
Level 1 -- Attendance: 6000 (100.00%) -- Ticket Income $390,000
Level 2 -- Attendance: 4698 (93.96%) -- Ticket Income $234,900
Level 3 -- Attendance: 1332 (66.60%) -- Ticket Income $53,280
Level 4 -- Attendance: 2616 (65.40%) -- Ticket Income $78,480
Luxury Box -- Attendance: 1000 (100.00%) -- Ticket Income $100,000
Game was played at the American Airlines Center.
Total Attendance: 15646 (86.92%)
Total Ticket Income: $856,660
Other Income: $128,499
Total Income: $985,159
Avalanche
5 vs 5 Forward
Center Left Wing Right Wing Time % Phy DF OF
1 Bryan Little Mikkel Boedker Patric Hornqvist 35 1 2 2
2 Paul Stastny Andrei Kostitsyn Alexander Radulov 30 1 2 2
3 Maxim Talbot Andrew Ladd Chuck Kobasew 20 1 2 2
4 Kyle Turris Zach Boychuk Damien Brunner 15 1 2 2
5 vs 5 Defense
Defense Defense Time % Phy DF OF
1 Pernell Karl Subban Jack Johnson 40 1 2 2
2 Marc Staal Mattias Ekholm 30 1 2 2
3 Johnny Boychuk Dan Boyle 30 1 2 2
4 Marc Staal Pernell Karl Subban 0 1 2 2
PowerPlay Forward
Center Left Wing Right Wing Time % Phy DF OF
1 Bryan Little Mikkel Boedker Patric Hornqvist 60 1 2 2
2 Paul Stastny Andrei Kostitsyn Alexander Radulov 40 1 2 2
PowerPlay Defense
Defense Defense Time % Phy DF OF
1 Dan Boyle Jack Johnson 60 1 2 2
2 Pernell Karl Subban Marc Staal 40 1 2 2
Penalty Kill 4 Players Forward
Center Wing Time % Phy DF OF
1 Andrew Ladd Chuck Kobasew 60 1 2 2
2 Paul Stastny Maxim Talbot 40 1 2 2
Penalty Kill 4 Players Defense
Defense Defense Time % Phy DF OF
1 Jack Johnson Marc Staal 60 1 2 2
2 Pernell Karl Subban Johnny Boychuk 40 1 2 2
Penalty Kill - 3 Players Forward
Forward Time % Phy DF OF
1 Chuck Kobasew 60 1 2 2
2 Andrew Ladd 40 1 2 2
Penalty Kill - 3 Players Defense
Defense Defense Time % Phy DF OF
1 Marc Staal Jack Johnson 60 1 2 2
2 Pernell Karl Subban Johnny Boychuk 40 1 2 2
4 vs 4 Forward
Center Wing Time % Phy DF OF
1 Patric Hornqvist Mikkel Boedker 60 1 2 2
2 Bryan Little Andrei Kostitsyn 40 1 2 2
4 vs 4 Defense
Defense Defense Time % Phy DF OF
1 Marc Staal Pernell Karl Subban 60 1 2 2
2 Jack Johnson Johnny Boychuk 40 1 2 2
Last Minutes Offensive
Center Left Wing Right Wing Defense Defense
Bryan Little Mikkel Boedker Patric Hornqvist Marc Staal Jack Johnson
Last Minutes Defensive
Center Left Wing Right Wing Defense Defense
Bryan Little Andrew Ladd Chuck Kobasew Marc Staal Jack Johnson
Goaltenders
Starting : Semyon Varlamov
Backup : Roberto Luongo
Extra Forwards
Normal : Andrew Ladd, Alexander Radulov, Maxim Talbot - PP : Andrew Ladd, Alexander Radulov - PK : Damien Brunner
Extra Defensemen
Normal : Marc Staal, Dan Boyle, Pernell Karl Subban - PP : Mattias Ekholm - PK : Jack Johnson, Pernell Karl Subban
Penalty Shots
Mikkel Boedker, Patric Hornqvist, Paul Stastny, Bryan Little, Andrei Kostitsyn
Scratches
Matt Irwin (Healthy)
Stars
5 vs 5 Forward
Center Left Wing Right Wing Time % Phy DF OF
1 John Tavares Guillaume Latendresse Michael Grabner 40 1 2 2
2 Antoine Vermette Jussi Jokinen B.J. Crombeen 30 1 2 2
3 Cory Emmerton Patrick Sharp Alex Chiasson 20 1 2 2
4 Evgeny Grachev Dustin Penner Evgeny Artyukhin 10 1 2 2
5 vs 5 Defense
Defense Defense Time % Phy DF OF
1 Drew Fata Ian White 40 1 2 2
2 Brian Lee Johnny Oduya 30 1 2 2
3 Boris Valabik Niklas Hjalmarsson 20 1 2 2
4 Drew Fata Ian White 10 1 2 2
PowerPlay Forward
Center Left Wing Right Wing Time % Phy DF OF
1 John Tavares Guillaume Latendresse Michael Grabner 60 0 2 3
2 Antoine Vermette Jussi Jokinen B.J. Crombeen 40 0 2 3
PowerPlay Defense
Defense Defense Time % Phy DF OF
1 Drew Fata Ian White 60 0 2 3
2 Brian Lee Johnny Oduya 40 0 2 3
Penalty Kill 4 Players Forward
Center Wing Time % Phy DF OF
1 John Tavares Guillaume Latendresse 60 0 3 2
2 Jussi Jokinen Michael Grabner 40 0 3 2
Penalty Kill 4 Players Defense
Defense Defense Time % Phy DF OF
1 Drew Fata Ian White 60 0 3 2
2 Brian Lee Johnny Oduya 40 0 3 2
Penalty Kill - 3 Players Forward
Forward Time % Phy DF OF
1 John Tavares 60 0 3 2
2 Guillaume Latendresse 40 0 3 2
Penalty Kill - 3 Players Defense
Defense Defense Time % Phy DF OF
1 Drew Fata Ian White 60 0 3 2
2 Brian Lee Johnny Oduya 40 0 3 2
4 vs 4 Forward
Center Wing Time % Phy DF OF
1 John Tavares Guillaume Latendresse 60 1 2 2
2 Jussi Jokinen Michael Grabner 40 1 2 2
4 vs 4 Defense
Defense Defense Time % Phy DF OF
1 Drew Fata Ian White 60 1 2 2
2 Brian Lee Johnny Oduya 40 1 2 2
Last Minutes Offensive
Center Left Wing Right Wing Defense Defense
John Tavares Guillaume Latendresse Michael Grabner Drew Fata Ian White
Last Minutes Defensive
Center Left Wing Right Wing Defense Defense
John Tavares Guillaume Latendresse Michael Grabner Drew Fata Ian White
Goaltenders
Starting : Mike Brodeur
Backup : Jhonas Enroth
Extra Forwards
Normal : Patrick Sharp, Alex Chiasson, Cory Emmerton - PP : Patrick Sharp, Alex Chiasson - PK : Cory Emmerton
Extra Defensemen
Normal : Boris Valabik, Niklas Hjalmarsson, Brian Lee - PP : Boris Valabik - PK : Niklas Hjalmarsson, Brian Lee
Penalty Shots
John Tavares, Guillaume Latendresse, Jussi Jokinen, Michael Grabner, Patrick Sharp
Scratches
None
% Time on Ice - Avalanche
Lines # - Real PCT - Wanted PCT - Time Play
Normal Forward
1 - 36% - 35% - 16:04
2 - 26% - 30% - 11:41
3 - 20% - 20% - 9:01
4 - 18% - 15% - 8:17
Normal Defense
1 - 39% - 40% - 17:28
2 - 31% - 30% - 13:54
3 - 30% - 30% - 13:41
4 - 0% - 0% - 0:00
PP Forward
1 - 51% - 60% - 6:29
2 - 49% - 40% - 6:21
PP Defense
1 - 58% - 60% - 7:26
2 - 42% - 40% - 5:24
PK Forward
1 - 100% - 60% - 1:12
2 - 0% - 40% - 0:00
PK Defense
1 - 58% - 60% - 0:42
2 - 42% - 40% - 0:30
PK3 Forward
1 - 0% - 60%
2 - 0% - 40%
PK3 Defense
1 - 0% - 60%
2 - 0% - 40%
44 Forward
1 - 100% - 60% - 0:55
2 - 0% - 40% - 0:00
44 Defense
1 - 51% - 60% - 0:28
2 - 49% - 40% - 0:27
Last Minute Offensive - 0:00
Last Minute Defensive - 0:00
Total
Forward - 60:00
Defense - 60:00
|
% Time on Ice - Stars
Lines # - Real PCT - Wanted PCT - Time Play
Normal Forward
1 - 34% - 40% - 15:28
2 - 28% - 30% - 12:46
3 - 20% - 20% - 9:04
4 - 17% - 10% - 7:45
Normal Defense
1 - 39% - 40% - 17:21
2 - 35% - 30% - 15:43
3 - 25% - 20% - 11:16
4 - 2% - 10% - 0:43
PP Forward
1 - 76% - 60% - 0:55
2 - 24% - 40% - 0:17
PP Defense
1 - 11% - 60% - 0:08
2 - 89% - 40% - 1:04
PK Forward
1 - 73% - 60% - 9:19
2 - 27% - 40% - 3:31
PK Defense
1 - 64% - 60% - 8:16
2 - 36% - 40% - 4:34
PK3 Forward
1 - 0% - 60%
2 - 0% - 40%
PK3 Defense
1 - 0% - 60%
2 - 0% - 40%
44 Forward
1 - 87% - 60% - 0:48
2 - 13% - 40% - 0:07
44 Defense
1 - 67% - 60% - 0:37
2 - 33% - 40% - 0:18
Last Minute Offensive - 0:00
Last Minute Defensive - 0:00
Total
Forward - 60:00
Defense - 60:00
|
Play-by-Play
1st period
0:01 of 1st period - John Tavares wins face-off versus Bryan Little in neutral zone.
0:34 of 1st period - Snap shot by Jussi Jokinen.
0:34 of 1st period - Shot Misses the Net.
0:36 of 1st period - Slapshot by Ian White.
0:36 of 1st period - Shot Misses the Net.
0:38 of 1st period - Snap shot by B.J. Crombeen.
0:38 of 1st period - Stopped by Semyon Varlamov without a rebound.
0:39 of 1st period - Cory Emmerton wins face-off versus Maxim Talbot in Avalanche zone.
1:14 of 1st period - Slapshot by Brian Lee.
1:14 of 1st period - Shot Misses the Net.
1:26 of 1st period - Wrist shot by John Tavares.
1:26 of 1st period - Stopped by Semyon Varlamov without a rebound.
1:27 of 1st period - John Tavares wins face-off versus Paul Stastny in Avalanche zone.
1:42 of 1st period - Snap shot by John Tavares.
1:42 of 1st period - Shot Misses the Net.
1:50 of 1st period - Dan Boyle is hit by John Tavares and loses puck.
2:50 of 1st period - Snap shot by Paul Stastny.
2:50 of 1st period - Stopped by Mike Brodeur with a rebound.
2:52 of 1st period - Backhand shot by Johnny Boychuk.
2:52 of 1st period - Shot Misses the Net.
2:58 of 1st period - Slapshot by Alexander Radulov.
2:58 of 1st period - Stopped by Mike Brodeur with a rebound.
3:04 of 1st period - Wrist shot by Paul Stastny.
3:04 of 1st period - Shot Hit the Post.
3:06 of 1st period - Snap shot by Johnny Boychuk.
3:06 of 1st period - Deflect By Paul Stastny.
3:06 of 1st period - Shot Blocked by John Tavares.
3:06 of 1st period - Puck is out of play.
3:07 of 1st period - Bryan Little wins face-off versus Antoine Vermette in Stars zone.
3:55 of 1st period - Snap shot by Evgeny Grachev.
3:55 of 1st period - Stopped by Semyon Varlamov without a rebound.
3:56 of 1st period - Kyle Turris wins face-off versus Evgeny Grachev in Avalanche zone.
4:05 of 1st period - Wrist shot by Zach Boychuk.
4:05 of 1st period - Deflect By Kyle Turris.
4:05 of 1st period - Shot Blocked by Brian Lee.
4:05 of 1st period - Puck is out of play.
4:06 of 1st period - Antoine Vermette wins face-off versus Patric Hornqvist in Stars zone.
4:43 of 1st period - Wrist shot by Maxim Talbot.
4:43 of 1st period - Stopped by Mike Brodeur without a rebound.
4:44 of 1st period - Antoine Vermette wins face-off versus Bryan Little in Stars zone.
5:08 of 1st period - Icing by Pernell Karl Subban.
5:09 of 1st period - Patrick Sharp wins face-off versus Bryan Little in Avalanche zone.
5:10 of 1st period - Wrist shot by Alex Chiasson.
5:10 of 1st period - Stopped by Semyon Varlamov with a rebound.
6:28 of 1st period - Wrist shot by Evgeny Grachev.
6:28 of 1st period - Shot Blocked by Alexander Radulov.
6:42 of 1st period - Snap shot by Jussi Jokinen.
6:42 of 1st period - Stopped by Semyon Varlamov with a rebound.
6:44 of 1st period - Snap shot by Jussi Jokinen.
6:44 of 1st period - Shot Blocked by Dan Boyle.
7:19 of 1st period - Slapshot by Alexander Radulov.
7:19 of 1st period - Stopped by Mike Brodeur with a rebound.
7:21 of 1st period - Slapshot by Johnny Boychuk.
7:21 of 1st period - Shot Blocked by Michael Grabner.
7:23 of 1st period - Snap shot by Paul Stastny.
7:23 of 1st period - Stopped by Mike Brodeur with a rebound.
8:14 of 1st period - Backhand shot by Cory Emmerton.
8:14 of 1st period - Stopped by Semyon Varlamov without a rebound.
8:15 of 1st period - Maxim Talbot wins face-off versus Alex Chiasson in Avalanche zone.
8:24 of 1st period - Slapshot by Maxim Talbot.
8:24 of 1st period - Deflect By Chuck Kobasew.
8:24 of 1st period - Stopped by Mike Brodeur without a rebound.
8:25 of 1st period - John Tavares wins face-off versus Bryan Little in Stars zone.
8:30 of 1st period - Snap shot by Bryan Little.
8:30 of 1st period - Shot Blocked by Michael Grabner.
8:32 of 1st period - Snap shot by Patric Hornqvist.
8:32 of 1st period - Shot Misses the Net.
8:49 of 1st period - Minor Penalty to Michael Grabner for Hooking.
8:50 of 1st period - Bryan Little wins face-off versus John Tavares in Stars zone.
9:01 of 1st period - Snap shot by Patric Hornqvist.
9:01 of 1st period - Shot Misses the Net.
9:03 of 1st period - Slapshot by Jack Johnson.
9:03 of 1st period - Stopped by Mike Brodeur with a rebound.
9:05 of 1st period - Snap shot by Bryan Little.
9:05 of 1st period - Stopped by Mike Brodeur without a rebound.
9:06 of 1st period - John Tavares wins face-off versus Bryan Little in Stars zone.
10:49 of 1st period - Penalty to Michael Grabner is over, Michael Grabner is back on ice.
11:01 of 1st period - Andrew Ladd is hit by Evgeny Artyukhin and loses puck.
11:28 of 1st period - Snap shot by Dustin Penner.
11:28 of 1st period - Shot Misses the Net.
11:37 of 1st period - Minor Penalty to Boris Valabik for Holding.
11:38 of 1st period - Bryan Little wins face-off versus John Tavares in Stars zone.
13:37 of 1st period - Penalty to Boris Valabik is over, Boris Valabik is back on ice.
13:48 of 1st period - Slapshot by Ian White.
13:48 of 1st period - Deflect By Kyle Turris.
13:48 of 1st period - Stopped by Semyon Varlamov with a rebound.
14:16 of 1st period - Snap shot by Kyle Turris.
14:16 of 1st period - Shot Misses the Net.
14:18 of 1st period - Snap shot by Pernell Karl Subban.
14:18 of 1st period - Shot Blocked by Boris Valabik.
14:29 of 1st period - Icing by Marc Staal.
14:30 of 1st period - Paul Stastny wins face-off versus Guillaume Latendresse in Avalanche zone.
14:30 of 1st period - Paul Stastny is hit by Michael Grabner.
14:55 of 1st period - Slapshot by Jussi Jokinen.
14:55 of 1st period - Shot Blocked by Mikkel Boedker.
14:57 of 1st period - Snap shot by Jussi Jokinen.
14:57 of 1st period - Shot Misses the Net.
15:11 of 1st period - Cory Emmerton is hit by Kyle Turris and loses puck.
15:38 of 1st period - Snap shot by Maxim Talbot.
15:38 of 1st period - Shot Blocked by Michael Grabner.
15:58 of 1st period - Wrist shot by Dustin Penner.
15:58 of 1st period - Shot Blocked by Paul Stastny.
16:00 of 1st period - Wrist shot by Dustin Penner.
16:00 of 1st period - Stopped by Semyon Varlamov with a rebound.
16:02 of 1st period - Wrist shot by Evgeny Grachev.
16:02 of 1st period - Stopped by Semyon Varlamov without a rebound.
16:03 of 1st period - Bryan Little wins face-off versus Antoine Vermette in Avalanche zone.
16:20 of 1st period - Off-side.
16:21 of 1st period - John Tavares wins face-off versus Paul Stastny in neutral zone.
16:29 of 1st period - Icing by Alexander Radulov.
16:30 of 1st period - John Tavares wins face-off versus Paul Stastny in Avalanche zone.
16:50 of 1st period - Wrist shot by Alexander Radulov.
16:50 of 1st period - Shot Blocked by Drew Fata.
16:54 of 1st period - Snap shot by Alexander Radulov.
16:54 of 1st period - Stopped by Mike Brodeur with a rebound.
17:24 of 1st period - Slapshot by Andrei Kostitsyn.
17:24 of 1st period - Shot Blocked by John Tavares.
17:26 of 1st period - Snap shot by Alexander Radulov.
17:26 of 1st period - Stopped by Mike Brodeur without a rebound.
17:27 of 1st period - Antoine Vermette wins face-off versus Bryan Little in Stars zone.
18:41 of 1st period - Slapshot by Ian White.
18:41 of 1st period - Stopped by Semyon Varlamov with a rebound.
18:43 of 1st period - Wrist shot by B.J. Crombeen.
18:43 of 1st period - Deflect By Antoine Vermette.
18:43 of 1st period - Shot Misses the Net.
18:43 of 1st period - Puck is out of play.
18:44 of 1st period - John Tavares wins face-off versus Paul Stastny in Avalanche zone.
18:45 of 1st period - Wrist shot by Guillaume Latendresse.
18:45 of 1st period - Stopped by Semyon Varlamov without a rebound.
18:46 of 1st period - John Tavares wins face-off versus Paul Stastny in Avalanche zone.
19:36 of 1st period - Snap shot by Maxim Talbot.
19:36 of 1st period - Shot Blocked by Brian Lee.
19:40 of 1st period - Slapshot by Jack Johnson.
19:40 of 1st period - Deflect By Cory Emmerton.
19:40 of 1st period - Stopped by Mike Brodeur with a rebound.
19:42 of 1st period - Wrist shot by Chuck Kobasew.
19:42 of 1st period - Stopped by Mike Brodeur with a rebound.
19:44 of 1st period - Slapshot by Chuck Kobasew.
19:44 of 1st period - Stopped by Mike Brodeur with a rebound.
19:59 of 1st period - Slapshot by Marc Staal.
19:59 of 1st period - Shot Misses the Net.
Goals for this period are 0 for Avalanche vs 0 for Stars.
Shots for this period are 13 for Avalanche vs 11 for Stars.
2nd period
0:01 of 2nd period - John Tavares wins face-off versus Bryan Little in neutral zone.
0:40 of 2nd period - Snap shot by Alex Chiasson.
0:40 of 2nd period - Stopped by Semyon Varlamov without a rebound.
0:41 of 2nd period - Paul Stastny wins face-off versus John Tavares in Avalanche zone.
0:48 of 2nd period - Wrist shot by Paul Stastny.
0:48 of 2nd period - Stopped by Mike Brodeur without a rebound.
0:49 of 2nd period - John Tavares wins face-off versus Paul Stastny in Stars zone.
0:58 of 2nd period - Wrist shot by Michael Grabner.
0:58 of 2nd period - Deflect By John Tavares.
0:58 of 2nd period - Shot Misses the Net.
0:58 of 2nd period - Puck is out of play.
0:59 of 2nd period - Bryan Little wins face-off versus Antoine Vermette in Avalanche zone.
0:59 of 2nd period - Bryan Little is hit by B.J. Crombeen.
1:06 of 2nd period - Minor Penalty to Antoine Vermette for Tripping.
1:07 of 2nd period - John Tavares wins face-off versus Patric Hornqvist in Stars zone.
1:38 of 2nd period - Slapshot by Jack Johnson.
1:38 of 2nd period - Shot Misses the Net.
1:40 of 2nd period - Slapshot by Jack Johnson.
1:40 of 2nd period - Deflect By Alexander Radulov.
1:40 of 2nd period - Shot Misses the Net.
1:40 of 2nd period - Puck is out of play.
1:41 of 2nd period - Bryan Little wins face-off versus Jussi Jokinen in Stars zone.
1:56 of 2nd period - Slapshot by Brian Lee.
1:56 of 2nd period - Stopped by Semyon Varlamov with a rebound.
1:58 of 2nd period - Wrist shot by Jussi Jokinen.
1:58 of 2nd period - Stopped by Semyon Varlamov with a rebound.
2:00 of 2nd period - Slapshot by Johnny Oduya.
2:00 of 2nd period - Stopped by Semyon Varlamov with a rebound.
2:02 of 2nd period - Wrist shot by Jussi Jokinen.
2:02 of 2nd period - Shot Blocked by Patric Hornqvist.
2:04 of 2nd period - Slapshot by Jussi Jokinen.
2:04 of 2nd period - Stopped by Semyon Varlamov with a rebound.
2:06 of 2nd period - Snap shot by Jussi Jokinen.
2:06 of 2nd period - Stopped by Semyon Varlamov without a rebound.
2:07 of 2nd period - John Tavares wins face-off versus Paul Stastny in Avalanche zone.
2:34 of 2nd period - John Tavares is hit by Dan Boyle.
3:06 of 2nd period - Penalty to Antoine Vermette is over, Antoine Vermette is back on ice.
3:24 of 2nd period - Snap shot by Guillaume Latendresse.
3:24 of 2nd period - Shot Misses the Net.
4:10 of 2nd period - Brian Lee is hit by Alexander Radulov and loses puck.
4:41 of 2nd period - Snap shot by Alex Chiasson.
4:41 of 2nd period - Shot Blocked by Kyle Turris.
4:55 of 2nd period - Wrist shot by Bryan Little.
4:55 of 2nd period - Shot Misses the Net.
4:57 of 2nd period - Wrist shot by Mikkel Boedker.
4:57 of 2nd period - Deflect By Bryan Little.
4:57 of 2nd period - Shot Misses the Net.
4:57 of 2nd period - Puck is out of play.
4:58 of 2nd period - Evgeny Grachev wins face-off versus Bryan Little in Stars zone.
5:00 of 2nd period - Minor Penalty to Drew Fata for Roughing.
5:01 of 2nd period - Michael Grabner wins face-off versus Bryan Little in Stars zone.
5:35 of 2nd period - Wrist shot by Andrei Kostitsyn.
5:35 of 2nd period - Shot Blocked by Cory Emmerton.
6:04 of 2nd period - Minor Penalty to Mikkel Boedker for Elbowing.
6:05 of 2nd period - John Tavares wins face-off versus Patric Hornqvist in Avalanche zone.
6:56 of 2nd period - Maxim Talbot is hit by Johnny Oduya.
7:00 of 2nd period - Penalty to Drew Fata is over, Drew Fata is back on ice.
7:04 of 2nd period - Wrist shot by Andrei Kostitsyn.
7:04 of 2nd period - Shot Misses the Net.
7:38 of 2nd period - Wrist shot by Johnny Oduya.
7:38 of 2nd period - Shot Misses the Net.
8:04 of 2nd period - Penalty to Mikkel Boedker is over, Mikkel Boedker is back on ice.
8:32 of 2nd period - Mikkel Boedker is hit by B.J. Crombeen and loses puck.
9:20 of 2nd period - Bryan Little is hit by Michael Grabner and loses puck.
9:57 of 2nd period - Maxim Talbot is hit by Evgeny Artyukhin.
10:23 of 2nd period - Jussi Jokinen is hit by Marc Staal and loses puck.
10:38 of 2nd period - Mikkel Boedker is hit by Cory Emmerton and loses puck.
10:53 of 2nd period - Snap shot by Paul Stastny.
10:53 of 2nd period - Stopped by Mike Brodeur without a rebound.
10:54 of 2nd period - Paul Stastny wins face-off versus John Tavares in Stars zone.
11:15 of 2nd period - Minor Penalty to Guillaume Latendresse for Interference.
11:16 of 2nd period - John Tavares wins face-off versus Bryan Little in Stars zone.
13:15 of 2nd period - Penalty to Guillaume Latendresse is over, Guillaume Latendresse is back on ice.
13:27 of 2nd period - Slapshot by Jussi Jokinen.
13:27 of 2nd period - Shot Blocked by Jack Johnson.
13:29 of 2nd period - Wrist shot by B.J. Crombeen.
13:29 of 2nd period - Stopped by Semyon Varlamov without a rebound.
13:30 of 2nd period - Antoine Vermette wins face-off versus Maxim Talbot in Avalanche zone.
13:53 of 2nd period - Marc Staal is hit by Alex Chiasson.
13:57 of 2nd period - Cory Emmerton is hit by Zach Boychuk and loses puck.
15:43 of 2nd period - Alexander Radulov is hit by Guillaume Latendresse and loses puck.
16:44 of 2nd period - Kyle Turris is hit by Patrick Sharp and loses puck.
16:58 of 2nd period - Minor Penalty to Niklas Hjalmarsson for High sticking.
16:59 of 2nd period - John Tavares wins face-off versus Bryan Little in Stars zone.
17:33 of 2nd period - Guillaume Latendresse is hit by Andrei Kostitsyn and loses puck.
17:45 of 2nd period - Brian Lee is hit by Andrei Kostitsyn and loses puck.
18:04 of 2nd period - Slapshot by Andrei Kostitsyn.
18:04 of 2nd period - Shot Blocked by Johnny Oduya.
18:06 of 2nd period - Slapshot by Pernell Karl Subban.
18:06 of 2nd period - Goal by Pernell Karl Subban - Avalanche : 1 - Stars : 0.
18:07 of 2nd period - Antoine Vermette wins face-off versus Bryan Little in neutral zone.
18:44 of 2nd period - Wrist shot by Mikkel Boedker.
18:44 of 2nd period - Stopped by Mike Brodeur with a rebound.
18:46 of 2nd period - Slapshot by Patric Hornqvist.
18:46 of 2nd period - Shot Misses the Net.
18:48 of 2nd period - Wrist shot by Mikkel Boedker.
18:48 of 2nd period - Deflect By Brian Lee.
18:48 of 2nd period - Shot Hit the Post.
18:48 of 2nd period - Puck is out of play.
18:49 of 2nd period - Paul Stastny wins face-off versus John Tavares in Stars zone.
18:54 of 2nd period - Snap shot by Paul Stastny.
18:54 of 2nd period - Deflect By Guillaume Latendresse.
18:54 of 2nd period - Stopped by Mike Brodeur without a rebound.
18:55 of 2nd period - John Tavares wins face-off versus Paul Stastny in Stars zone.
18:55 of 2nd period - John Tavares is hit by Andrei Kostitsyn.
19:03 of 2nd period - Snap shot by Paul Stastny.
19:03 of 2nd period - Goal by Paul Stastny - Avalanche : 2 - Stars : 0.
19:04 of 2nd period - John Tavares wins face-off versus Bryan Little in neutral zone.
19:09 of 2nd period - Snap shot by Guillaume Latendresse.
19:09 of 2nd period - Stopped by Semyon Varlamov without a rebound.
19:10 of 2nd period - John Tavares wins face-off versus Mikkel Boedker in Avalanche zone.
19:34 of 2nd period - Minor Penalty to Patric Hornqvist for Interference.
19:35 of 2nd period - John Tavares wins face-off versus Andrew Ladd in Avalanche zone.
19:38 of 2nd period - Snap shot by John Tavares.
19:38 of 2nd period - Shot Blocked by Marc Staal.
19:40 of 2nd period - Snap shot by Drew Fata.
19:40 of 2nd period - Shot Blocked by Marc Staal.
19:42 of 2nd period - Snap shot by Michael Grabner.
19:42 of 2nd period - Goal by Michael Grabner - Avalanche : 2 - Stars : 1.
19:43 of 2nd period - John Tavares wins face-off versus Bryan Little in neutral zone.
Goals for this period are 2 for Avalanche vs 1 for Stars.
Shots for this period are 6 for Avalanche vs 9 for Stars.
3rd period
0:01 of 3rd period - John Tavares wins face-off versus Bryan Little in neutral zone.
1:39 of 3rd period - Off-side.
1:40 of 3rd period - Antoine Vermette wins face-off versus Bryan Little in neutral zone.
1:42 of 3rd period - Off-side.
1:43 of 3rd period - Bryan Little wins face-off versus Jussi Jokinen in neutral zone.
2:10 of 3rd period - Snap shot by Mikkel Boedker.
2:10 of 3rd period - Deflect By Andrei Kostitsyn.
2:10 of 3rd period - Shot Blocked by Guillaume Latendresse.
2:10 of 3rd period - Puck is out of play.
2:11 of 3rd period - Michael Grabner wins face-off versus Paul Stastny in Stars zone.
2:11 of 3rd period - Michael Grabner is hit by Andrei Kostitsyn.
2:36 of 3rd period - Patric Hornqvist is hit by Brian Lee and loses puck.
3:21 of 3rd period - Snap shot by John Tavares.
3:21 of 3rd period - Shot Blocked by Andrei Kostitsyn.
4:03 of 3rd period - Wrist shot by Jussi Jokinen.
4:03 of 3rd period - Stopped by Semyon Varlamov without a rebound.
4:04 of 3rd period - Antoine Vermette wins face-off versus Bryan Little in Avalanche zone.
4:05 of 3rd period - Slapshot by Jussi Jokinen.
4:05 of 3rd period - Stopped by Semyon Varlamov without a rebound.
4:06 of 3rd period - Bryan Little wins face-off versus Antoine Vermette in Avalanche zone.
4:06 of 3rd period - Bryan Little is hit by Jussi Jokinen.
5:40 of 3rd period - Minor Penalty to Brian Lee for Hooking.
5:41 of 3rd period - Paul Stastny wins face-off versus John Tavares in Stars zone.
6:32 of 3rd period - Ian White is hit by Chuck Kobasew and loses puck.
7:40 of 3rd period - Penalty to Brian Lee is over, Brian Lee is back on ice.
7:51 of 3rd period - Snap shot by Damien Brunner.
7:51 of 3rd period - Deflect By Zach Boychuk.
7:51 of 3rd period - Shot Blocked by Drew Fata.
7:51 of 3rd period - Puck is out of play.
7:52 of 3rd period - Kyle Turris wins face-off versus Cory Emmerton in Stars zone.
7:59 of 3rd period - Slapshot by Boris Valabik.
7:59 of 3rd period - Stopped by Semyon Varlamov with a rebound.
8:13 of 3rd period - Minor Penalty to Boris Valabik for Roughing.
8:14 of 3rd period - Bryan Little wins face-off versus John Tavares in Stars zone.
8:15 of 3rd period - Slapshot by Mikkel Boedker.
8:15 of 3rd period - Stopped by Mike Brodeur with a rebound.
8:17 of 3rd period - Slapshot by Dan Boyle.
8:17 of 3rd period - Stopped by Mike Brodeur with a rebound.
8:19 of 3rd period - Slapshot by Jack Johnson.
8:19 of 3rd period - Goal by Jack Johnson - Avalanche : 3 - Stars : 1.
8:20 of 3rd period - Paul Stastny wins face-off versus Michael Grabner in neutral zone.
8:27 of 3rd period - Wrist shot by Andrei Kostitsyn.
8:27 of 3rd period - Shot Blocked by John Tavares.
8:29 of 3rd period - Snap shot by Andrei Kostitsyn.
8:29 of 3rd period - Shot Misses the Net.
8:31 of 3rd period - Slapshot by Pernell Karl Subban.
8:31 of 3rd period - Shot Misses the Net.
8:33 of 3rd period - Slapshot by Alexander Radulov.
8:33 of 3rd period - Shot Misses the Net.
8:35 of 3rd period - Wrist shot by Pernell Karl Subban.
8:35 of 3rd period - Stopped by Mike Brodeur with a rebound.
8:47 of 3rd period - Mikkel Boedker is hit by Jussi Jokinen and loses puck.
8:57 of 3rd period - Icing by Mikkel Boedker.
8:58 of 3rd period - John Tavares wins face-off versus Bryan Little in Avalanche zone.
8:59 of 3rd period - Slapshot by Brian Lee.
8:59 of 3rd period - Shot Blocked by Pernell Karl Subban.
9:04 of 3rd period - Off-side.
9:05 of 3rd period - Paul Stastny wins face-off versus John Tavares in neutral zone.
9:36 of 3rd period - Snap shot by Dan Boyle.
9:36 of 3rd period - Stopped by Mike Brodeur without a rebound.
9:37 of 3rd period - Bryan Little wins face-off versus Antoine Vermette in Stars zone.
9:46 of 3rd period - Wrist shot by Bryan Little.
9:46 of 3rd period - Shot Misses the Net.
10:05 of 3rd period - Johnny Oduya is hit by Mikkel Boedker and loses puck.
10:22 of 3rd period - Slapshot by Bryan Little.
10:22 of 3rd period - Goal by Bryan Little - Avalanche : 4 - Stars : 1.
10:23 of 3rd period - Paul Stastny wins face-off versus John Tavares in neutral zone.
10:26 of 3rd period - Ian White is hit by Andrei Kostitsyn and loses puck.
11:14 of 3rd period - Brian Lee is hit by Patric Hornqvist and loses puck.
11:23 of 3rd period - Snap shot by Bryan Little.
11:23 of 3rd period - Stopped by Mike Brodeur with a rebound.
11:25 of 3rd period - Wrist shot by Bryan Little.
11:25 of 3rd period - Shot Misses the Net.
11:35 of 3rd period - Wrist shot by Kyle Turris.
11:35 of 3rd period - Stopped by Mike Brodeur without a rebound.
11:36 of 3rd period - Kyle Turris wins face-off versus B.J. Crombeen in Stars zone.
11:47 of 3rd period - Snap shot by Zach Boychuk.
11:47 of 3rd period - Shot Hit the Post.
11:49 of 3rd period - Slapshot by Zach Boychuk.
11:49 of 3rd period - Stopped by Mike Brodeur with a rebound.
12:01 of 3rd period - Andrei Kostitsyn is hit by Boris Valabik and loses puck.
12:43 of 3rd period - Patric Hornqvist is hit by Evgeny Grachev and loses puck.
13:13 of 3rd period - Snap shot by Jussi Jokinen.
13:13 of 3rd period - Shot Blocked by Damien Brunner.
13:23 of 3rd period - Wrist shot by Marc Staal.
13:23 of 3rd period - Stopped by Mike Brodeur without a rebound.
13:24 of 3rd period - John Tavares wins face-off versus Alexander Radulov in Stars zone.
14:20 of 3rd period - Snap shot by Cory Emmerton.
14:20 of 3rd period - Stopped by Semyon Varlamov without a rebound.
14:21 of 3rd period - John Tavares wins face-off versus Paul Stastny in Avalanche zone.
14:28 of 3rd period - Pernell Karl Subban is hit by Michael Grabner and loses puck.
14:47 of 3rd period - Patric Hornqvist is hit by Jussi Jokinen and loses puck.
15:57 of 3rd period - Wrist shot by Andrei Kostitsyn.
15:57 of 3rd period - Shot Misses the Net.
16:11 of 3rd period - Pernell Karl Subban is hit by Niklas Hjalmarsson and loses puck.
16:39 of 3rd period - Snap shot by Zach Boychuk.
16:39 of 3rd period - Stopped by Mike Brodeur with a rebound.
16:41 of 3rd period - Slapshot by Pernell Karl Subban.
16:41 of 3rd period - Shot Blocked by Alex Chiasson.
17:16 of 3rd period - Snap shot by John Tavares.
17:16 of 3rd period - Deflect By Michael Grabner.
17:16 of 3rd period - Stopped by Semyon Varlamov with a rebound.
17:18 of 3rd period - Wrist shot by John Tavares.
17:18 of 3rd period - Stopped by Semyon Varlamov with a rebound.
17:20 of 3rd period - Wrist shot by John Tavares.
17:20 of 3rd period - Shot Misses the Net.
18:26 of 3rd period - Slapshot by Michael Grabner.
18:26 of 3rd period - Stopped by Semyon Varlamov with a rebound.
18:58 of 3rd period - Slapshot by Jack Johnson.
18:58 of 3rd period - Deflect By Mikkel Boedker.
18:58 of 3rd period - Shot Misses the Net.
18:58 of 3rd period - Puck is out of play.
18:59 of 3rd period - Bryan Little wins face-off versus Evgeny Artyukhin in Stars zone.
19:22 of 3rd period - Minor Penalty to Evgeny Grachev for Cross-checking.
19:23 of 3rd period - John Tavares wins face-off versus Bryan Little in Stars zone.
19:50 of 3rd period - Paul Stastny is hit by Ian White and loses puck.
Goals for this period are 2 for Avalanche vs 0 for Stars.
Shots for this period are 11 for Avalanche vs 7 for Stars.
Back to the Top